 Dungeon Crawl Stone Soup version 0.30-a0-377-g5cb311bc9f (webtiles) character file.

Game seed: 809289549743275489

4 tio the Grave Robber (level 1, -1/13 HPs)
             Began as a Human Necromancer on Nov 28, 2022.
             Slain by a jackal (2 damage)
             ... on level 1 of the Dungeon.
             The game lasted 00:06:27 (270 turns).

tio the Grave Robber (Human Necromancer)             Turns: 270, Time: 00:06:28

Health: -1/13      AC:  2    Str:  8    XL:     1   Next: 77%
Magic:  3/3        EV: 12    Int: 15    God:
Gold:   16         SH:  0    Dex: 13    Spells: 3/4 levels left

rFire   . . .      SeeInvis +    d - +0 dagger
rCold   . . .      Faith    .    (no shield)
rNeg    . . .      Spirit   .    a - +0 robe
rPois   .          Reflect  .    (no helmet)
rElec   .          Harm     .    (no cloak)
rCorr   .          Rampage  .    (no gloves)
Will    .....                    (no boots)
Stlth   ++........               (no amulet)
HPRegen 0.22/turn                e - ring of see invisible
MPRegen 0.08/turn                (no ring)

@: weak-willed
A: no striking features
a: no special abilities


You were on level 1 of the Dungeon.
You visited 1 branch of the dungeon, and saw 1 of its levels.

You collected 16 gold pieces.

Inventory:

Hand Weapons
 d - a +0 dagger (weapon)
Armour
 a - a +0 robe (worn)
Jewellery
 e - a ring of see invisible (left hand)
Potions
 b - a potion of magic
 c - a potion of might {unknown}


   Skills:
 + Level 2.1 Dodging
 + Level 2.2 Stealth
 + Level 2.0 Spellcasting
 + Level 4.0 Necromancy


You had 3 spell levels left.
You knew the following spells:

 Your Spells              Type           Power      Damage    Failure   Level
a - Necrotise             Necr           52%        1d6       4%          1

Your spell library contained the following spells:

 Spells                   Type           Power      Damage    Failure   Level
 Vampiric Draining        Necr           13%        2d6       13%         3
 Animate Dead             Necr           13%        N/A       38%         4
 Agony                    Necr           13%        N/A       75%         5


Dungeon Overview and Level Annotations

Branches:
Dungeon (1/15)

Altars:


Message History

The jackal is moderately wounded.
The jackal barely misses you.
The jackal bites you but does no damage.
The giant cockroach closely misses you.
You closely miss the jackal.
The jackal is moderately wounded.
The jackal misses you. x2; The giant cockroach closely misses you.
You hit the jackal but do no damage.
The jackal is moderately wounded.
The jackal misses you. The jackal barely misses you.
The giant cockroach barely misses you. The jackal closely misses you.
The jackal misses you.
You barely miss the jackal.
The jackal is moderately wounded.
The giant cockroach bites you. The jackal closely misses you.
The jackal bites you.
You closely miss the jackal. You punch the jackal, but do no damage.
The jackal is moderately wounded.
The giant cockroach misses you. The jackal bites you. x2
The jackal barely misses you. The giant cockroach misses you.
The jackal closely misses you.
You closely miss the jackal.
The jackal is moderately wounded.
The jackal closely misses you. x2
The giant cockroach bites you but does no damage.
You closely miss the jackal.
The jackal is moderately wounded.
The jackal bites you. The jackal barely misses you.
The giant cockroach bites you.
* * * LOW HITPOINT WARNING * * *
You barely miss the jackal.
The jackal is moderately wounded.
The jackal misses you. The jackal barely misses you.
The giant cockroach misses you. The jackal barely misses you.
The jackal bites you.
* * * LOW HITPOINT WARNING * * *
As you read the scroll labelled EPIBRO LACECO, it crumbles to dust.
Magic quickly surges around you.
It was a scroll of vulnerability.
The giant cockroach closely misses you. The jackal bites you.
You die...

... #.# ......# #.#
......# #.##
......# ###..#
......# ###....#
......#
##...##.##Jh....#
#..####..hBK....#
#.## ###@h#####
########.########.#
#^..............#.#
#.#############.#.#
#)#...........#.#.#
..#.####.####.#.#.#
#.#.#.......#.#...#
..
#.#.#.#####.#.#.#.#
..#
#.#.#.#...#.#.#.#
..#


You could see an endoplasm (weak-willed), 3 jackals, a giant cockroach
(weak-willed) and a kobold (weak-willed).

Vanquished Creatures
  An endoplasm (D:1)
  A goblin (D:1)
  A hobgoblin (D:1)
  A rat (D:1)
4 creatures vanquished.

Notes
Turn   | Place    | Note
-------+----------+-------------------------------------------
     0 | D:1      | tio the Human Necromancer began the quest for the Orb.
     0 | D:1      | Reached XP level 1. HP: 13/13 MP: 3/3
   270 | D:1      | Slain by a jackal

Illustrated notes

Levels and vault maps discovered:
D:1:      matt_arrival_refuge, layout_basic

Action                   || total
-------------------------++-------
Melee: Unarmed           ||    23
       Dagger            ||    22
       Punch             ||     1
 Cast: Necrotise         ||     3
  Use: Scroll            ||     1
 Stab: Sleeping          ||     1
Armor: Robe              ||    19
Dodge: Dodged            ||    50

Table legend: (Time is in decaauts)
 A = Elapsed time spent in this place.
 B = Non-inter-level travel time spent in this place.
 C = Inter-level travel time spent in this place.
 D = Time resting spent in this place.
 E = Time spent auto-exploring this place.
 F = Levels seen in this place.
 G = Mean time per level.
                   A        B        C        D        E       F      G
               +--------+--------+--------+--------+--------+-----+--------+
         Total |    269 |     96 |    173 |      0 |      0 |   1 |  269.0 |
       Dungeon |    269 |     96 |    173 |      0 |      0 |   1 |  269.0 |
               +--------+--------+--------+--------+--------+-----+--------+

Top non-repeatable levels by time:
     D:1: 269 daAuts
